 Dungeon Crawl Stone Soup version 0.24.0-125-gc4c63601f3 (webtiles) character file.

Game seed: 891411812814435187, levelgen mode: deterministic

46617 shadizar the Fighter (level 14, -2/65 HPs)
             Began as a Gargoyle Fighter on Mar 7, 2020.
             Was an Elder of the Shining One.
             Slain by a large abomination (8 damage)
             ... on level 3 of the Abyss.
             The game lasted 00:41:24 (15252 turns).

shadizar the Fighter (Gargoyle Fighter)            Turns: 15252, Time: 00:41:25

Health: -2/65      AC: 24    Str: 21    XL:     14   Next: 38%
Magic:  13/13      EV:  9    Int:  5    God:    the Shining One [****..]
Gold:   1167       SH: 11    Dex:  5    Spells: 13/13 levels left

rFire    + . .     SeeInvis .   p - +2 flail (crush)
rCold    . . .     Gourm    .   c - +0 shield
rNeg     + + +     Faith    .   o - +0 chain mail
rPois    ∞         Spirit   .   v - +1 helmet
rElec    +         Reflect  .   (no cloak)
rCorr    .         Harm     .   I - +0 pair of gloves
MR       +....     Rnd*Rage +   h - +1 pair of boots Stlth ..........Rnd*Tele +
                                l - amulet of regeneration
HPRegen  0.00/turn              k - +5 ring of slaying
MPRegen  0.13/turn              t - ring of protection from fire

@: flying, hasted, glowing, very quick
A: big wings, [berserk 3], [blurry vision 3], [clumsy 2], [deformed body],
[deterioration 2], [dopey 2], [frail 3], [low mp 3], negative energy resistance
1, [screaming 3], electricity resistance, [inhibited regeneration],
[teleportitis 3], [weak 2], unbreathing, petrification resistance, [no potion
heal 2], rot immunity, [subdued magic 2], AC +10
a: Stop Flying, Divine Shield, Cleansing Flame, Renounce Religion


You were on level 3 of the Abyss.
You worshipped the Shining One.
The Shining One was greatly pleased with you.
You were not hungry.

You visited 3 branches of the dungeon, and saw 17 of its levels.
You visited the Abyss 2 times.
You also visited: Sewer.

You collected 1167 gold pieces.

Inventory:

Hand Weapons
 p - a +2 flail of crushing (weapon)
 A - a +1 hand axe of freezing
Missiles
 F - 8 boomerangs of dispersal (quivered)
Armour
 b - a +1 chain mail of positive energy
 c - a +0 shield (worn)
 h - a +1 pair of boots (worn)
 o - a +0 chain mail (worn)
 q - a +2 buckler of protection
 v - a +1 helmet (worn)
 I - a +0 pair of gloves (worn)
 J - the +3 ring mail of the City {-Tele rC- rCorr SInv}
   (You found it on level 4 of the Lair of Beasts)

   It makes you vulnerable to cold.
   It lets you see invisible.
   It prevents most forms of teleportation.
   It provides partial protection from all sources of acid and corrosion.
Jewellery
 k - a +5 ring of slaying (left hand)
 l - an amulet of regeneration (around neck)
 t - a ring of protection from fire (right hand)
 L - a +2 ring of evasion
Wands
 m - a wand of iceblast (10)
 y - a wand of disintegration (21)
 z - a wand of scattershot (4)
 H - a wand of flame (8)
 K - a wand of paralysis (6)
 M - a wand of digging (4)
Scrolls
 e - 13 scrolls of identify
 g - 3 scrolls of enchant weapon
 i - 7 scrolls of teleportation
 j - a scroll of holy word
 r - a scroll of fear
 u - 4 scrolls of fog
 x - 3 scrolls of enchant armour
 B - a scroll of magic mapping
 N - a scroll of summoning
Potions
 w - 2 potions of haste
 D - a potion of cancellation
 P - a potion of lignification
Miscellaneous
 E - a phial of floods
 G - a sack of spiders
Comestibles
 f - 33 rations


   Skills:
 + Level 13.0 Fighting
 + Level 11.8 Maces & Flails
 + Level 10.9 Armour
 + Level 8.0 Dodging
 + Level 11.0 Shields
 - Level 7.3 Invocations
 + Level 4.2 Evocations


You had 13 spell levels left.
You didn't know any spells.
Your spell library contained the following spells:

 Spells                   Type           Power        Failure   Level  Hunger
 Infusion                 Chrm           #...         99%         1    ##.....
 Sandblast                Erth           #.....       99%         1    ##.....
 Passwall                 Tmut/Erth      #.......     100%        2    ###....
 Shroud of Golubria       Chrm/Tloc      #.....       100%        2    ###....
 Song of Slaying          Chrm           #.......     100%        2    ###....
 Regeneration             Chrm/Necr      #.........   100%        3    ####...
 Spectral Weapon          Hex/Chrm       #.......     100%        3    ####...
 Stone Arrow              Conj/Erth      #.....       100%        3    ####...
 Petrify                  Tmut/Erth      #.......     100%        4    #####..
 Summon Lightning Spire   Summ/Air       #.......     100%        4    #####..
 Bolt of Magma            Conj/Fire/Erth #.........   100%        5    ######.
 Iskenderun's Battlesphe  Conj/Chrm      #.......     100%        5    ######.
 Lee's Rapid Deconstruct  Erth           #.........   100%        5    ######.
 Silence                  Hex/Air        #.........   100%        5    ######.
 Venom Bolt               Conj/Pois      #.........   100%        5    ######.
 Conjure Ball Lightning   Conj/Air       #.........   100%        6    #######
 Deflect Missiles         Chrm/Air       #.........   100%        6    #######
 Iron Shot                Conj/Erth      #.........   100%        6    #######
 Orb of Destruction       Conj           #.........   100%        7    #######
 Spellforged Servitor     Conj/Summ      #.........   100%        7    #######
 Tornado                  Air            #.........   100%        9    #######


Dungeon Overview and Level Annotations

Branches:
Dungeon (10/15)            Temple (1/1) D:6            Lair (6/6) D:9
  Swamp (0/4) Lair:4       Spider (0/4) Lair:2        Slime (0/5) Lair:6
  Sewer (visited)
    Orc: D:9-12

Altars:
Ashenzari
Cheibriados
Dithmenos
Elyvilon
Fedhas
Gozag
Hepliaklqana
Kikubaaqudgha
Makhleb
Nemelex Xobeh
Okawaru
Qazlal
Ru
Sif Muna
Trog
Uskayaw
Vehumet
Wu Jian
Xom
Yredelemnul
Zin
The Shining One
Jiyva

Shops:
D:9 =

Annotations:
D:2 Sigmund
D:4 2 transporters, laxxamousse2's ghost, amateur OpTm
Lair:1 exclusion: oklob plant
Lair:2 Sonja
Lair:6 exclusion: 2 oklob plants


Innate Abilities, Weirdness & Mutations

You are resistant to torment.
Your stone body is resilient. (AC +10)
You are immune to poison.
Your large and strong wings let you fly indefinitely.
You resist negative energy. (rN+)
You are resistant to electric shocks. (rElec)
You can survive without breathing.
You are immune to petrification.
You are immune to rotting.
[You have an uncontrollable temper.]
[Scrolls take you much longer to read.]
[You are very clumsy. (Dex -4)]
[Armour fits poorly on your strangely shaped body.]
[Your body often deteriorates upon taking damage.]
[You are very dopey. (Int -4)]
[You are extremely frail. (-30% HP)]
[Your magical capacity is extremely low. (-30% MP)]
[You frequently scream uncontrollably at your foes.]
[You do not regenerate when monsters are visible.]
[You are often teleported next to monsters.]
[You are very weak. (Str -4)]
[Potions are poor at restoring your health.]
[Your spells are easier to cast, but less powerful.]


Message History

Found a hunting sling.
The large abomination hits you!!
You feel yourself speed up. A chorus of shrieks assaults your mind.
* * * LOW HITPOINT WARNING * * *
You block the large abomination's attack.
A wraith comes into view.
A raiju comes into view.
The raiju barks!
The raiju bursts into living lightning!
The living lightning hits you. You resist.
* * * LOW HITPOINT WARNING * * *
The raiju blinks!
A chaos spawn and a lurking horror come into view.
The chaos spawn roars deafeningly!
A large abomination comes into view.
Found 8 atropa-tipped darts.
An ancient zyme comes into view.
The large abomination hits you!
You die...

... .. .....
........##......#
.##....(....#....#...
..##.................#
.. #.................#
####............#.#..##
## ........#..X......##
.##....#........@...§..#
............4...x.......
#. ....#.#.*#.###..#..#.
##### ###.#### ### .#
###.### .W#...#
...#.#.#h##4#.#
......#...##* #
####..#.W..#..
#.............


You could see an ancient zyme, a large abomination, a chaos spawn and a lurking
horror.

Vanquished Creatures
  Kirke (Lair:5)
  7 hydras
  2 catoblepae
  4 two-headed ogres
  2 wolf spiders (Lair:6)
  10 elephants
  A molten gargoyle (Lair:4)
  A guardian serpent (Lair:6)
  8 black mambas
  11 spiny frogs
  2 rime drakes
  6 komodo dragons
  A demonic crawler (Lair:2)
  A troll (D:9)
  2 polar bears
  18 blink frogs
  2 hornets (Lair:6)
  2 raiju (Abyss:3)
  7 hippogriffs
  9 wyverns
  A redback (Lair:6)
  44 yaks
  4 basilisks
  2 hogs (Lair:5)
  3 wargs (D:9)
  Edmund (D:5)
  29 water moccasins
  2 porcupines
  An orc warrior (D:6)
  3 phantoms
  3 ice beasts
  A black bear (D:9)
  A sky beast (D:8)
  5 ogres
  2 centaurs (D:9)
  4 wolves (Lair:3)
  9 crocodiles
  A big kobold (D:9)
  16 bullfrogs
  6 scorpions
  3 killer bees (D:7)
  2 howler monkeys (D:9)
  3 electric eels
  4 crimson imps
  A bullfrog zombie (D:5)
  3 jellies
  A hound (D:5)
  12 orc wizards
  A bullfrog skeleton (D:5)
  A gnoll shaman (D:9)
  4 iguanas
  5 orc priests
  Ijyb (D:3)
  Natasha (twice) (D:4)
  7 worker ants
  A hound zombie (D:10)
  Robin (D:2)
  14 adders
  5 gnolls (D:9)
  15 river rats
  A shadow imp (D:7)
  An ooze (Sewer)
  3 adder skeletons
  9 worms
  4 dart slugs
  3 leopard geckos
  34 orcs
  15 ball pythons
  4 bats
  9 giant cockroaches
  9 goblins
  7 hobgoblins
  16 jackals
  12 quokkas
  4 frilled lizards
  12 kobolds
  A leopard gecko skeleton (D:5)
  46 rats
  A butterfly (Lair:4)
512 creatures vanquished.

Vanquished Creatures (others)
  A human (Lair:5)
  A chaos spawn (Abyss:3)
  A crocodile (Lair:2)
  A jackal zombie (D:7)
  12 fungi
  13 plants
  5 starspawn tentacles (Abyss:3)
34 creatures vanquished.

Grand Total: 546 creatures vanquished

Notes
Turn   | Place    | Note
-------+----------+-------------------------------------------
     0 | D:1      | shadizar the Gargoyle Fighter began the quest for the Orb.
     0 | D:1      | Reached XP level 1. HP: 14/14 MP: 1/1
    69 | D:1      | Reached XP level 2. HP: 17/19 MP: 2/2
   270 | D:1      | Reached XP level 3. HP: 22/24 MP: 3/3
   653 | D:2      | Noticed Robin
   662 | D:2      | Killed Robin
   662 | D:2      | Reached skill level 4 in Fighting
   711 | D:2      | Reached XP level 4. HP: 29/29 MP: 4/4
   727 | D:2      | Found a sacrificial altar of Ru.
   946 | D:2      | Found an opulent altar of Gozag.
  1372 | D:2      | Noticed Sigmund
  1418 | D:3      | You fall into a shaft and drop 3 floors!
  1423 | D:6      | Noticed a bullfrog
  1426 | D:5      | Entered Level 5 of the Dungeon
  1430 | D:5      | Reached XP level 5. HP: 17/34 MP: 5/5
  1440 | D:5      | Noticed an ogre
  1458 | D:4      | Killed an ogre
  1458 | D:4      | Reached skill level 5 in Fighting
  1472 | D:4      | Reached XP level 6. HP: 15/40 MP: 6/6
  1759 | D:3      | Noticed Ijyb
  1806 | D:3      | Killed Ijyb
  1986 | D:3      | Found a glowing drain.
  1993 | Sewer    | Entered a sewer
  2273 | Sewer    | Reached skill level 6 in Fighting
  2627 | Sewer    | Reached skill level 5 in Maces & Flails
  2705 | Sewer    | Reached XP level 7. HP: 44/46 MP: 7/7
  3173 | D:3      | Found a bloodstained altar of Trog.
  3471 | D:4      | Found a transporter.
  3487 | D:4      | Found a transporter.
  3488 | D:4      | Noticed laxxamousse2's ghost (amateur OpTm)
  3639 | D:4      | Found a snail-covered altar of Cheibriados.
  3764 | D:4      | Noticed Natasha
  3768 | D:4      | Killed Natasha
  4029 | D:4      | Noticed Natasha
  4050 | D:4      | Killed Natasha
  4185 | D:5      | Reached skill level 7 in Fighting
  4269 | D:5      | Reached XP level 8. HP: 44/53 MP: 8/8
  4533 | D:5      | Found a hazy altar of Hepliaklqana.
  4589 | D:5      | Reached skill level 8 in Fighting
  4684 | D:5      | Noticed Edmund
  4695 | D:5      | Killed Edmund
  5219 | D:6      | Reached skill level 1 in Dodging
  5261 | D:6      | Found a staircase to the Ecumenical Temple.
  5292 | D:7      | Noticed a two-headed ogre
  5405 | D:6      | Reached XP level 9. HP: 60/60 MP: 9/9
  5538 | D:6      | Found an iron altar of Okawaru.
  5591 | Temple   | Entered the Ecumenical Temple
  5625 | Temple   | Became a worshipper of the Shining One
  5941 | D:7      | Reached skill level 9 in Fighting
  6078 | D:7      | Found an ancient bone altar of Kikubaaqudgha.
  6222 | D:7      | Killed a two-headed ogre
  6222 | D:7      | Reached skill level 5 in Armour
  6222 | D:7      | Reached skill level 5 in Shields
  6552 | D:7      | Reached XP level 10. HP: 62/66 MP: 10/10
  6713 | D:7      | Found a shimmering blue altar of Sif Muna.
  7220 | D:9      | Noticed a two-headed ogre
  7229 | D:9      | Killed a two-headed ogre
  7287 | D:9      | Reached skill level 10 in Fighting
  7306 | D:9      | Found a shadowy altar of Dithmenos.
  7348 | D:9      | Noticed a two-headed ogre
  7379 | D:9      | Killed a two-headed ogre
  7379 | D:9      | Reached skill level 1 in Invocations
  7544 | D:9      | Reached * piety under the Shining One
  7585 | D:9      | Found a staircase to the Lair.
  7635 | D:9      | Found a blossoming altar of Fedhas.
  7677 | D:9      | Reached XP level 11. HP: 68/73 MP: 13/13
  7714 | D:9      | Found a stormy altar of Qazlal.
  7979 | D:9      | Found Vosam's Jewellery Shop.
  8005 | D:9      | Found a shimmering altar of Xom.
  8451 | D:10     | Entered Level 10 of the Dungeon
  8492 | D:10     | Noticed a two-headed ogre
  8501 | D:10     | Killed a two-headed ogre
  8970 | D:10     | Identified a scroll of acquirement
  9036 | Lair:1   | Entered Level 1 of the Lair of Beasts
  9077 | Lair:1   | Reached skill level 5 in Dodging
  9104 | Lair:1   | Noticed a four-headed hydra
  9114 | Lair:1   | Killed a four-headed hydra
  9279 | Lair:1   | Reached skill level 11 in Fighting
  9316 | Lair:1   | Reached skill level 5 in Invocations
  9382 | Lair:1   | Noticed Sonja
  9458 | Lair:1   | Reached ** piety under the Shining One
  9465 | Lair:1   | Reached skill level 10 in Maces & Flails
  9533 | Lair:1   | Cast into level 1 of the Abyss (Sonja)
  9569 | Abyss:1  | Noticed a blizzard demon
  9591 | Lair:1   | Escaped the Abyss
  9678 | Lair:1   | Noticed a four-headed hydra
  9687 | Lair:1   | Killed a four-headed hydra
  9687 | Lair:1   | Reached XP level 12. HP: 58/80 MP: 14/16
  9881 | Lair:2   | Noticed a catoblepas
  9938 | Lair:1   | Killed a catoblepas
 10135 | Lair:2   | Found a hole to the Spider Nest.
 10689 | Lair:3   | Noticed a six-headed hydra
 10696 | Lair:3   | Killed a six-headed hydra
 11123 | Lair:4   | Found a staircase to the Swamp.
 11124 | Lair:4   | Noticed a four-headed hydra
 11138 | Lair:4   | Killed a four-headed hydra
 11204 | Lair:4   | Reached XP level 13. HP: 79/85 MP: 18/18
 11282 | Lair:4   | Reached skill level 12 in Fighting
 11418 | Lair:4   | Got a smoking ring mail
 12052 | Lair:5   | Reached *** piety under the Shining One
 12052 | Lair:5   | Noticed Kirke
 12075 | Lair:5   | Killed Kirke
 12075 | Lair:5   | Reached skill level 10 in Shields
 12075 | Lair:5   | Reached skill level 1 in Evocations
 12163 | Lair:5   | Reached skill level 10 in Armour
 12675 | Lair:6   | Entered Level 6 of the Lair of Beasts
 13305 | Lair:6   | Gained mutation: Your large and strong wings let you fly
                  | indefinitely. [Gargoyle growth]
 13305 | Lair:6   | Reached XP level 14. HP: 92/92 MP: 19/19
 13889 | Lair:6   | Paralysed by a floating eye for 4 turns
 14012 | Lair:6   | Found a staircase to the Slime Pits.
 14012 | Lair:6   | Found a viscous altar of Jiyva.
 14461 | Lair:2   | Reached skill level 13 in Fighting
 14691 | Lair:2   | Identified the +3 ring mail of the City {-Tele rC- rCorr
                  | SInv} (You found it on level 4 of the Lair of Beasts)
 14915 | Lair:2   | Cast into level 2 of the Abyss (Sonja)
 14917 | Abyss:2  | Found a corrupted altar of Lugonu.
 15030 | Abyss:3  | Reached **** piety under the Shining One
 15031 | Abyss:3  | Noticed a bone dragon
 15038 | Abyss:3  | Noticed a bone dragon
 15051 | Abyss:3  | Noticed a purple very ugly thing
 15098 | Abyss:3  | Noticed a balrug
 15134 | Abyss:3  | Noticed a tentacled starspawn
 15208 | Abyss:3  | Noticed a starcursed mass
 15252 | Abyss:3  | Slain by a large abomination

Levels and vault maps discovered:
D:1:      eino_arrival_water_cross, layout_loops_ring, hex_tiny,
          minmay_tetromino_t2
D:2:      layout_basic, overflow_temple_1_default, overflow_temple_1_default,
          uniq_jessica, uniq_robin, uniq_sigmund
D:3:      lemuel_upstairs_altar, layout_rooms, lemuel_coloured_pillars_altar,
          first_ration, lightli_sewer_entry_pipes, nrook_mini_backslash,
          nrook_campfire, uniq_ijyb
D:4:      layout_loops_corners, lemuel_doored_altar, gammafunk_ghost_mausoleum,
          uniq_natasha
D:5:      lemuel_ratsnest, layout_basic, kennysheep_mini,
          kennysheep_generic_room_8, uniq_edmund
D:6:      layout_loops_ring, okawaru_ov_weapons_minmay,
          minmay_temple_entry_waves, minmay_misc_feat_enclosed
D:7:      layout_basic, lemuel_blue_sif_altar, marbit_many_paths,
          chequers_serial_rivers_room_b, grunt_ogre_cave
D:8:      layout_basic, serial_bayou_pond_c
D:9:      layout_loops_corners, lemuel_crystal_altar, kennysheep_little_box,
          fedhas_bush_and_centaur_altar, nicolae_qazlal_eye_of_the_storm,
          erik_lair_orcish_takeover, serial_shops, nicolae_shop_trees,
          minmay_stone_trees_small
D:10:     layout_roguey, chequers_serial_rivers_micro_b
Temple:   cyrus_temple_forest
Lair:1:   minmay_lair_oklob_tunnel, layout_big_grid, grunt_megastairs_1,
          serial_bayou_shore_a, uniq_sonja
Lair:2:   layout_hall_layers, nicolae_spider_entry_non_spiders,
          lemuel_old_faithful, grunt_megastairs_3, serial_bayou_shore_b,
          serial_bayou_shore_b
Lair:3:   layout_regular_city, st_stairs_9, grunt_megastairs_5
Lair:4:   layout_gridlike, minmay_swamp_entry_reptiles, lemuel_fruit_fields
Lair:5:   layout_gridlike, serial_bayou, serial_bayou_pond_c,
          serial_bayou_lagoon_b, serial_bayou_pond_a, serial_bayou_pond_a,
          lemuel_fruit_tree, uniq_kirke
Lair:6:   hangedman_lair_tendril_chambers, layout_regular_city, slime_altar_1,
          disabler_island
Abyss:3:  base: Lair:6, evilmike_abyss_rune_elephants_shrine,
          guppyfry_abyss_exit_spiral_guarded,
          evilmike_nicolae_abyss_rune_containment_curve, evilmike_abyss_exit_4,
          hangedman_abyss_monster_moat, hangedman_abyss_rune_flesh_and_stone,
          evilmike_abyss_rune_ettins, hangedman_decor_lopped,
          nicolae_abyss_rune_star_stuff, hangedman_decor_lopped,
          hangedman_abyss_or_decor_stagger, evilmike_abyss_exit_7,
          evilmike_abyss_exit_7, bh_abyss_negative,
          grunt_abyss_rune_wretched_hive

Skill      XL: |  1  2  3  4  5  6  7  8  9 10 11 12 13 14 |
---------------+-------------------------------------------+-----
Fighting       | 4 5 6 7 8 9 10 11 12 13 | 13.0
Maces & Flails | 3 4 5 6 7 8 9 10 11 | 11.8
Armour         | 4 5 7 8 9 10 | 10.9
Shields        | 4 5 7 8 9 10 11 | 11.0
Dodging        | 1 3 4 5 6 7 8 |  8.0
Invocations    | 3 5 7 |  7.3
Evocations     | 3 4 |  4.2

Action                   |  1- 3 |  4- 6 |  7- 9 | 10-12 | 13-15 || total
-------------------------+-------+-------+-------+-------+-------++-------
Melee: Flail             |   115 |   382 |   485 |   535 |   538 ||  2055
       Unarmed           |       |       |       |       |     4 ||     4
Invok: Divine Shield     |       |       |       |       |     2 ||     2
 Abil: Fly               |       |       |       |       |     1 ||     1
  Use: Potion            |       |     1 |     1 |     5 |     5 ||    12
       Scroll            |       |       |    17 |     6 |    10 ||    33
  Eat: Chunk             |       |     7 |    14 |    14 |    13 ||    48
       Ration            |       |       |       |       |     1 ||     1
Armor: Scale mail        |    64 |   217 |       |       |       ||   281
       Chain mail        |       |    22 |   312 |   320 |   328 ||   982
Dodge: Dodged            |    43 |   124 |   107 |   190 |   245 ||   709
Block: Shield            |    45 |   215 |   229 |   315 |   444 ||  1248
